 Dungeon Crawl Stone Soup version 0.27-a0-906-g0a00ce863d (webtiles) character file.

Game seed: 1311696995778777423

39 jestyr24 the Gusty (level 3, 0/24 HPs)
             Began as a Demonspawn Air Elementalist on Apr 7, 2021.
             Slain by an orc
             ... wielding a +0 hand axe
              (7 damage)
             ... on level 3 of the Dungeon.
             The game lasted 00:05:45 (1905 turns).

jestyr24 the Gusty (Demonspawn Air Elementalist)    Turns: 1905, Time: 00:05:46

Health: 0/24       AC:  4    Str:  8    XL:     3   Next: 26%
Magic:  3/6        EV: 16    Int: 17    God:
Gold:   64         SH:  0    Dex: 13    Spells: 5/6 levels left

rFire    . . .     SeeInvis .   b - +0 falchion
rCold    . . .     Faith    .   (no shield)
rNeg     . . .     Spirit   .   a - +0 robe
rPois    .         Reflect  .   (no helmet)
rElec    .         Harm     .   (no cloak)
rCorr    .         Rampage  .   (no gloves)
Will     .....                  (no boots)
Stlth    ++........             (no amulet)
HPRegen  0.08/turn              e - +4 ring of evasion
MPRegen  0.10/turn              (no ring)

@: no status effects
A: talons 1, molten scales 1
a: no special abilities


You were on level 3 of the Dungeon.
You visited 1 branch of the dungeon, and saw 3 of its levels.

You collected 64 gold pieces.

Inventory:

Hand Weapons
 b - a +0 falchion (weapon)
Missiles
 h - 19 poisoned darts
Armour
 a - a +0 robe (worn)
 l - a +0 cloak
Jewellery
 e - a +4 ring of evasion (left hand)
Scrolls
 c - a scroll of fear {unknown}
 d - a scroll of enchant armour {unknown}
 g - a scroll of teleportation {unknown}
 k - 3 scrolls of amnesia {unknown}
Potions
 f - a potion of brilliance {unknown}
 i - a potion of invisibility {unknown}
 j - a potion of curing {unknown}
 m - a potion of degeneration {unknown}


   Skills:
 + Level 2.2 Dodging
 + Level 2.0 Stealth
 + Level 2.1 Spellcasting
 + Level 1.5 Conjurations
 + Level 3.2 Air Magic


You had 5 spell levels left.
You knew the following spells:

 Your Spells              Type           Power      Damage    Failure   Level
a - Shock                 Conj/Air       40%        1d5       7%          1

Your spell library contained the following spells:

 Spells                   Type           Power      Damage    Failure   Level
 Swiftness                Air            12%        N/A       8%          2
 Static Discharge         Conj/Air       10%        N/A       22%         3
 Airstrike                Air            6%         N/A       45%         4
 Lightning Bolt           Conj/Air       5%         1d17      89%         5


Dungeon Overview and Level Annotations

Branches:
Dungeon (3/15)

Altars:
Wu Jian


Innate Abilities, Weirdness & Mutations

You have sharp toenails.
You are partially covered in molten scales. (AC +2)


Message History

You hear the rusting of a very distant drain.
The orc hits you but does no damage.
You hit the orc.
The orc is almost dead.
The orc closely misses you.
You riposte.
You hit the orc.
You kill the orc!
The orc completely misses you.
You see here a +0 hand axe.
You closely miss the orc. You claw the orc, but do no damage.
The orc hits you with a +0 hand axe! The orc hits you with a +0 hand axe.
The zap hits the orc.
The orc is heavily wounded.
The zap misses the orc.
The orc hits you with a +0 hand axe.
You are too injured to fight recklessly!
You hit the orc.
The orc is severely wounded.
The orc misses you.
You closely miss the orc. You claw the orc.
The orc is almost dead.
The orc hits you with a +0 hand axe.
* * * LOW HITPOINT WARNING * * *
Casting: Shock (safe; 7% risk of failure)
Confirm with . or Enter, or press ? or * to list all spells.
Aiming: Shock (safe; 7% risk of failure)
Press: ? - help, Shift-Dir - straight line, f/p - orc
Aim: an orc, wielding a +0 hand axe and wearing a +0 leather armour (almost dead, 32% to evade)
The zap hits the orc but does no damage.
The orc is almost dead.
The zap hits the orc.
The orc is lightly wounded.
The orc closely misses you.
Casting: Shock (safe; 7% risk of failure)
Confirm with . or Enter, or press ? or * to list all spells.
Aiming: Shock (safe; 7% risk of failure)
Press: ? - help, Shift-Dir - straight line, f/p - orc
Aim: an orc, wielding a +0 hand axe and wearing a +0 leather armour (almost dead, 32% to evade)
The zap misses the orc.
The zap hits the orc.
The orc is heavily wounded.
The orc hits you with a +0 hand axe!
You die...

###### # #....# ####### ### #
#....# #.....# #.. # #....#
#.###.# #.# # #....# #.# #.# #.#
###....###############.###.####.#
................@oo..............
###....###############..####.....
# #....#### ### ### #..# #..).. #
#.....#8###⌠###8####o.# #..... #
#####.............##..#######.#
#######................o.).......
....................###.#######..
#.......#8###8###8#####.## #..
#.......### ### ### ##...# #..


You could see 2 orcs.

Vanquished Creatures
  An adder (D:3)
  An orc (D:3)
  3 ball pythons (D:1)
  2 endoplasms
  3 goblins (D:1)
  2 hobgoblins (D:1)
  3 jackals (D:1)
  2 kobolds
  2 quokkas
  A bat (D:2)
  A frilled lizard (D:1)
  4 rats (D:1)
25 creatures vanquished.

Notes
Turn   | Place    | Note
-------+----------+-------------------------------------------
     0 | D:1      | jestyr24 the Demonspawn Air Elementalist began the quest
                  | for the Orb.
     0 | D:1      | Reached XP level 1. HP: 13/13 MP: 3/3
   665 | D:1      | Gained mutation: You have sharp toenails. [demonic
                  | ancestry]
   665 | D:1      | Reached XP level 2. HP: 19/19 MP: 0/5
   830 | D:1      | Found a faded altar of an unknown god.
  1238 | D:1      | Reached skill level 3 in Air Magic
  1638 | D:3      | Found an ornate altar of the Wu Jian Council.
  1773 | D:3      | Gained mutation: You are partially covered in molten
                  | scales. (AC +2) [demonic ancestry]
  1773 | D:3      | Reached XP level 3. HP: 24/24 MP: 2/6
  1905 | D:3      | Slain by an orc

Illustrated notes

Levels and vault maps discovered:
D:1:      onia_arrival_mini_maze, layout_basic, basic_ecumenical_altar
D:2:      minmay_diamond_boxcup, layout_basic, basic_altar, uniq_robin,
          uniq_terence, uniq_crazy_yiuf_cottage
D:3:      layout_basic, lemuel_round_altar, serial_corexii_hall,
          corexii_hall_statues_deadend, corexii_hall_statues_u,
          chequers_hall_statues_corner_a, corexii_hall_statues_i,
          chequers_hall_statues_y, chequers_hall_statues_corner_a,
          portal_sewer_entry_b

Skill      XL: |  1  2 |
---------------+-------+-----
Dodging        | 2 |  2.2
Stealth        | 2 |  2.0
Air Magic      | 3 |  3.2
Spellcasting   | |  2.1
Conjurations   | |  1.5

Action                   || total
-------------------------++-------
Melee: Falchion          ||    19
       Kick              ||     4
 Cast: Shock             ||    44
Armor: Robe              ||     5
Dodge: Dodged            ||    25
       Rpst.: Falchion   ||     9

Table legend: (Time is in decaauts)
 A = Elapsed time spent in this place.
 B = Non-inter-level travel time spent in this place.
 C = Inter-level travel time spent in this place.
 D = Time resting spent in this place.
 E = Time spent auto-exploring this place.
 F = Levels seen in this place.
 G = Mean time per level.
                   A        B        C        D        E       F      G
               +--------+--------+--------+--------+--------+-----+--------+
         Total |   1909 |   1809 |    100 |    661 |    814 |   3 |  636.3 |
       Dungeon |   1909 |   1809 |    100 |    661 |    814 |   3 |  636.3 |
               +--------+--------+--------+--------+--------+-----+--------+

Top non-repeatable levels by time:
     D:1: 1609 daAuts
     D:3: 277 daAuts
     D:2: 22 daAuts
